 Dungeon Crawl Stone Soup version 0.32-a0-616-g9348d4545b (webtiles) character file.

Game seed: 1255436943912894547

107 Dittersdorf the Trooper (level 4, -2/29 HPs)
             Began as a Gargoyle Fighter on Mar 5, 2024.
             Slain by Sigmund
             ... wielding a +0 scythe
              (9 damage)
             ... on level 3 of the Dungeon.
             The game lasted 00:01:33 (1780 turns).

Dittersdorf the Trooper (Gargoyle Fighter)          Turns: 1780, Time: 00:01:34

Health: -2/29      AC: 11    Str: 21    XL:     4   Next: 85%
Magic:  4/4        EV:  9    Int:  9    God:
Gold:   43         SH:  4    Dex:  9    Spells: 3/3 levels left

rFire   . . .        a - +0 flail
rCold   . . .        c - +0 buckler
rNeg    + . .        b - +0 scale mail
rPois   ∞            (no helmet)
rElec   +            l - +0 cloak
rCorr   .            (no gloves)
SInv    .            (no boots)
Will    .....        (no amulet) Stlth
                     (no ring)
HPRegen 0.24/turn    (no ring)
MPRegen 0.09/turn

%: no passive effects
@: no status effects
A: sickness immunity, AC +3, negative energy resistance 1, electricity
resistance, torment resistance 1, petrification resistance
a: no special abilities


You were on level 3 of the Dungeon.
You visited 1 branch of the dungeon, and saw 3 of its levels.

You collected 43 gold pieces.

Inventory:

Hand Weapons
 a - a +0 flail (weapon)
Armour
 b - a +0 scale mail (worn)
 c - a +0 buckler (worn)
 l - a +0 cloak (worn)
Scrolls
 g - a scroll of immolation {unknown}
 h - a scroll of fear {unknown}
 i - 4 scrolls of enchant armour {unknown}
 j - 2 scrolls of teleportation {unknown}
 m - a scroll of revelation {unknown}
 n - a scroll of enchant weapon {unknown}
Potions
 d - a potion of might
 e - a potion of attraction {unknown}
 f - 2 potions of heal wounds {unknown}
 k - a potion of invisibility {unknown}


   Skills:
 + Level 4.2 Fighting
 + Level 2.8 Maces & Flails
 + Level 4.1 Armour
 + Level 4.0 Shields


You had 3 spell levels left.
You didn't know any spells.
Your spell library contained the following spells:

 Spells                   Type           Power      Damage    Failure   Level
 Ensorcelled Hibernation  Hex/Ice        0%         N/A       89%         2
 Passwall                 Erth           0%         N/A       98%         3
 Swiftness                Air            0%         N/A       98%         3


Dungeon Overview and Level Annotations

Branches:
Dungeon (3/15)

Altars:

Annotations:
D:3 Grinder, Sigmund


Innate Abilities, Weirdness & Mutations

You are immune to sickness and miasma.
Your stone body is resilient. (AC +3)
You are immune to poison.
You resist negative energy. (rN+)
You are resistant to electric shocks. (rElec)
You are resistant to unholy torment.
You are immune to petrification.


Message History

Sigmund is moderately wounded.
Sigmund points at you and mumbles some strange words.
The puff of flame hits you!
Ouch! That really hurt!
You are too injured to fight recklessly!
You are too injured to fight recklessly!
You are too injured to fight recklessly!
You are too injured to fight recklessly!
You are too injured to fight recklessly!
You are too injured to fight recklessly!
You are too injured to fight recklessly!
You are too injured to fight recklessly!
You are too injured to fight recklessly!
You are too injured to fight recklessly!
You are too injured to fight recklessly!
You are too injured to fight recklessly!
You are too injured to fight recklessly!
You are too injured to fight recklessly!
You are too injured to fight recklessly!
You are too injured to fight recklessly!
You are too injured to fight recklessly!
You are too injured to fight recklessly!
You hit Sigmund.
Sigmund is heavily wounded.
Sigmund points at you and mumbles some strange words.
The puff of flame hits you!
* * * LOW HITPOINT WARNING * * *
Sigmund barely misses you.
You barely miss Sigmund.
Sigmund is heavily wounded.
You hit Sigmund.
Sigmund is heavily wounded.
Sigmund gestures wildly while chanting.
Sigmund flickers and vanishes!
Deactivating autopickup; reactivate with Ctrl-A.
Something hits you.
* * * LOW HITPOINT WARNING * * *
You closely miss something. You hit something. Something hits you!
You die...

..#.# ... ..#.##..
....#.. ##### ####.#...
#####...# #. .....#
#...#...# . #.
#.#>.###...#...#
....##.##.#........#...#
......{@.............[..
....##.##.#........#...#
. #.##.#........#####
#.......###...#
####.##.# #...# #.##.#
##### ..##.# ##.##.# #.#


There were no monsters in sight!

Vanquished Creatures
  An orc wizard (D:3)
  3 adders
  2 dart slugs (D:1)
  2 orcs (D:3)
  3 ball pythons
  8 bats
  2 endoplasms (D:1)
  4 giant cockroaches
  4 goblins
  5 hobgoblins
  2 quokkas (D:1)
  4 kobolds
  10 rats
50 creatures vanquished.

Notes
Turn   | Place    | Note
-------+----------+-------------------------------------------
     0 | D:1      | Dittersdorf the Gargoyle Fighter began the quest for the
                  | Orb.
     0 | D:1      | Reached XP level 1. HP: 14/14 MP: 1/1
   106 | D:1      | Reached XP level 2. HP: 19/19 MP: 2/2
   460 | D:1      | Reached XP level 3. HP: 22/23 MP: 3/3
  1603 | D:3      | Noticed Grinder
  1616 | D:2      | Reached XP level 4. HP: 29/29 MP: 4/4
  1768 | D:3      | Noticed Sigmund
  1780 | D:3      | Slain by Sigmund

Illustrated notes

Levels and vault maps discovered:
D:1:      scummos_arrival_simple_fountains, layout_basic
D:2:      layout_basic
D:3:      layout_basic, good_gods_mini_temple, nzn_wu_jian_contemplation,
          nemelex_dance_club_becter, uniq_crazy_yiuf_cottage, uniq_grinder,
          uniq_sigmund

Skill      XL: |  1  2  3  4 |
---------------+-------------+-----
Fighting       | 4 |  4.2
Armour         | 4 |  4.1
Shields        | 4 |  4.0
Maces & Flails | |  2.8

Action                     |  1- 3 |  4- 6 || total
---------------------------+-------+-------++-------
  Melee: Flail             |   123 |    58 ||   181
 Armour: Scale mail        |    80 |    61 ||   141
  Dodge: Dodged            |    67 |    20 ||    87
  Block: Buckler           |    36 |     5 ||    41

Table legend: (Time is in decaauts)
 A = Elapsed time spent in this place.
 B = Non-inter-level travel time spent in this place.
 C = Inter-level travel time spent in this place.
 D = Time resting spent in this place.
 E = Time spent auto-exploring this place.
 F = Levels seen in this place.
 G = Mean time per level.
                   A        B        C        D        E       F      G
               +--------+--------+--------+--------+--------+-----+--------+
         Total |   1835 |   1746 |     89 |     16 |   1306 |   3 |  611.7 |
       Dungeon |   1835 |   1746 |     89 |     16 |   1306 |   3 |  611.7 |
               +--------+--------+--------+--------+--------+-----+--------+

Top non-repeatable levels by time:
     D:2: 880 daAuts
     D:1: 812 daAuts
     D:3: 143 daAuts
